AoeStats
← Lord_Wilfredo

Arabia

507193975Analyzed
1v1 RM · 14d ago on Sep 17, 2026· 29m 28s· 2 players
Game mode
Random Map
Map size
Tiny (2 player)
Population
200
Speed
Normal
Resources
Standard
Victory
Conquest
Starting age
Dark Age
Ending age
Imperial Age
RankedLock teamsTeams togetherTeam positionsShared explorationLock speedFull tech treeHidden civsTurbo modeCheats
Victory
Defeat
🇦🇷 Mongols · Argentina
1237
+14
🇵🇪 Franks · Peru
1195
-14
argot21
6:34 Loom
9:25 Feudal Age
15:31 Double-Bit Axe
23:07 Castle Age
22:09 Forging
23:18 Scale Barding Armor
Lord_Wilfredo
6:14 Loom
8:40 Feudal Age
9:08 Double-Bit Axe
18:34 Fletching
21:45 Castle Age
20:50 Gold Mining
21:23 Bloodlines
21:25 Forging
21:47 Light Cavalry
21:49 Crossbowman
23:45 Wheelbarrow
23:10 Bodkin Arrow
26:11 Bow Saw
28:42 Iron Casting
30:10 Scale Barding Armor
Connection lost

Rejoining the realm…

Still unreachable

The connection could not be restored.

Session expired

The server has moved on; the page needs a fresh start.